 Seeded DCSS version 0.29.1-15-g9cfb28693d (webtiles) character file.

Game seed: 16245865983455551772 (custom seed)

5 Atreus the Trooper (level 1, 15/19 HPs)
             Began as a Palentonga Berserker on Mar 9, 2023.
             Was a Follower of Trog.
             Quit the game on level 1 of the Dungeon.
             The game lasted 00:00:41 (101 turns).

Atreus the Trooper (Palentonga Berserker)            Turns: 101, Time: 00:00:41

Health: 15/19      AC:  4    Str: 22    XL:     1   Next: 66%
Magic:  1/1        EV:  9    Int:  7    God:    Trog [*.....]
Gold:   0          SH:  0    Dex:  9    Spells: 0/0 levels left

rFire   . . .      SeeInvis +   a - +0 hand axe
rCold   . . .      Faith    .   (no shield)
rNeg    . . .      Spirit   .   b - +0 animal skin
rPois   .          Reflect  .   (no helmet)
rElec   .          Harm     .   (no cloak)
rCorr   .          Rampage  .   (no gloves)
Will    .....                   (no barding)
Stlth   +.........              (no amulet)
HPRegen 0.06/turn               (no ring)
MPRegen 0.07/turn               (no ring)

@: no status effects
A: large, rugged brown scales 3, see invisible, deformed body, roll 1, armoured
tail
a: Rolling Charge, Renounce Religion, Berserk


You were on level 1 of the Dungeon.
You worshipped Trog.
Trog was aware of your devotion.
You visited 1 branch of the dungeon, and saw 1 of its levels.

Inventory:

Hand Weapons
 a - a +0 hand axe (weapon)
Armour
 b - a +0 animal skin (worn)
 e - a +2 barding of fire resistance
Jewellery
 d - the amulet "Yxzijir" {Reflect Drain Str+4 Int+5 SH+5}
   (You acquired it on level 1 of the Dungeon)

   [amulet of reflection]

   It reflects blocked missile attacks.
   Str:       It affects your strength (+4).
   Int:       It affects your intelligence (+5).
   Drain:     It drains your maximum health when unequipped.
   SH:        It affects your SH (+5).
Scrolls
 c - a scroll of acquirement


   Skills:
 + Level 3.1 Fighting
 + Level 3.1 Axes
 + Level 1.6 Armour
 + Level 1.6 Dodging


You couldn't memorise any spells.
You didn't know any spells.
Your spell library was empty.

Dungeon Overview and Level Annotations

Branches:
Dungeon (1/15)

Altars:


Innate Abilities, Weirdness & Mutations

You are completely covered in rugged brown scales. (AC +3, +7% HP)
You have supernaturally acute eyesight. (SInv)
Armour fits poorly on your strangely shaped body.
You can roll at nearby foes to attack.
You have a long armoured tail.


Message History

The quokka bites you but does no damage.
The quokka barely misses you.
The quokka bites you but does no damage.
The endoplasm hits you.
You hit the quokka.
You kill the quokka!
Trog accepts your kill.
You barely miss the endoplasm. The endoplasm closely misses you.
You barely miss the goblin. You hit the endoplasm.
The endoplasm closely misses you. The goblin barely misses you.
You slash the goblin!
You kill the goblin!
Trog accepts your kill.
You hit the endoplasm.
You kill the endoplasm!
Trog accepts your kill.
Things that are here:
a +0 dagger; a quokka corpse
c - 3 scrolls labelled WAC GOIFOFITOUPLEC
There are no items here.
You open the door.
An endoplasm comes into view.
The endoplasm quivers.
You hit the endoplasm.
The endoplasm is severely wounded.
The endoplasm freezes you.
You are frozen.
You hit the endoplasm but do no damage.
Your tail-slap misses the endoplasm.
The endoplasm is severely wounded.
The endoplasm hits you but does no damage.
You hit the endoplasm.
You kill the endoplasm!
Trog accepts your kill.
There is an open door here.
This is a scroll of acquirement!
Something appears at your feet!
d - the amulet "Yxzijir" {Reflect Drain Str+4 Int+5 SH+5} Something appears at your feet!
e - a +2 barding of fire resistance Are you sure you want to abandon this character and quit the game? (Confirm with "yes".)

##....###.##...#..
#.....###.#...###.
#........#...# #.
##.#######..## ## #.#
#..#...# #.# #.##..r#
##'## ..#..... ##...##
#..#..... ##@....##
....... ##.......##
.#..#.. #.........#
....... ###########
##### # ##### #####
##### #### #...# #...#
#...# #... #.♣.# #...#
#.>.# #...
#...###...###...###...


There were no monsters in sight!

Vanquished Creatures
  2 endoplasms (D:1)
  A goblin (D:1)
  A quokka (D:1)
4 creatures vanquished.

Notes
Turn   | Place    | Note
-------+----------+-------------------------------------------
     0 | D:1      | Atreus the Palentonga Berserker began the quest for the
                  | Orb.
     0 | D:1      | Reached XP level 1. HP: 19/19 MP: 1/1
    93 | D:1      | Identified 3 scrolls of acquirement
    93 | D:1      | Acquired the amulet "Yxzijir" {Reflect Drain Str+4 Int+5
                  | SH+5}
    97 | D:1      | Acquired a +2 barding of fire resistance
   101 | D:1      | Quit the game

Illustrated notes

Levels and vault maps discovered:
D:1:      minmay_arrival_hallway, layout_loops_corners, basic_ecumenical_altar,
          minmay_unequal

Action                   || total
-------------------------++-------
Melee: Hand axe          ||     6
  Use: Scroll            ||     2
Armor: Animal skin       ||     5
Dodge: Dodged            ||     6
